 Dungeon Crawl Stone Soup version 0.19-a0-1886-gd64a0f0 (webtiles) character file.

642387 Kirkhe the Conqueror (level 27, -4/249 HPs)
             Began as a Demonspawn Gladiator on Oct 16, 2016.
             Was the Champion of Okawaru.
             Slain by a mottled draconian
             ... wielding a +0 hand axe
              (24 damage)
             ... on level 1 of the Realm of Zot.
             The game lasted 04:27:43 (66050 turns).

Kirkhe the Conqueror (Demonspawn Gladiator)        Turns: 66050, Time: 04:27:43

Health: -4/249     AC: 36    Str: 26    XL:     27
Magic:  31/31      EV: 14    Int:  9    God:    Okawaru [******]
Gold:   3649       SH:  0    Dex: 16    Spells: 0 memorised, 26 levels left

rFire  + . .     SeeInvis +     r - +9 executioner's axe (freeze)
rCold  + + .     Gourm    +     Q - +3 plate armour {MR+}
rNeg   + . .     Faith    .     (shield currently unavailable)
rPois  +         Spirit   .     N - +2 helmet {SInv}
rElec  +         Dismiss  .     b - +2 ratskin cloak {rPois rN+ Int-1 Dex-1}
rCorr  +         Reflect  .     (gloves unavailable)
MR     +++..     Harm     .     M - +1 pair of boots "Nol Vih" {rElec rPois Regen+ Stlth-}
Stlth  ..........               m - amulet "Laigou Pyral" {Gourm rC+ Dex+3}
                                p - ring "Saekhat" {rCorr rF+}
                                e - +4 ring of slaying

@: no status effects
A: claws 3, yellow scales 3, clumsy 1, cold resistance 1, foul stench 2,
icemail, wild magic 1, augmentation 3, rot immunity, freezing cloud immunity
a: Heroism, Finesse, Renounce Religion
}: 3/15 runes: barnacled, slimy, gossamer


You were on level 1 of the Realm of Zot.
You worshipped Okawaru.
Okawaru was exalted by your worship.
You were hungry.

You visited 12 branches of the dungeon, and saw 53 of its levels.
You visited the Abyss 2 times.
You also visited: Labyrinth, Ossuary, Ice Cave and Wizlab.

You collected 7272 gold pieces.
You spent 3623 gold pieces at shops.

Inventory:

Hand Weapons
 r - a +9 executioner's axe of freezing (weapon)
 z - a +1 executioner's axe of chopping
 L - a +9 vampiric executioner's axe
Armour
 b - the +2 ratskin cloak (worn) {rPois rN+ Int-1 Dex-1}
   (You found it on level 3 of the Elven Halls)

   It affects your intelligence (-1).
   It affects your dexterity (-1).
   It protects you from poison.
   It protects you from negative energy.
 k - a +2 pair of gloves of strength
 M - the +1 pair of boots "Nol Vih" (worn) {rElec rPois Regen+ Stlth-}
   (You acquired it on level 1 of the Lair of Beasts)

   It insulates you from electricity.
   It protects you from poison.
   It increases your rate of regeneration.
   It makes you less stealthy.
 N - a +2 helmet of see invisible (worn)
 O - +0 gold dragon scales
 Q - a +3 plate armour of magic resistance (worn)
Rods
 X - a +3 rod of inaccuracy (9/9)
   (You found it in a labyrinth)
Jewellery
 e - a +4 ring of slaying (left claw)
 m - the amulet "Laigou Pyral" (around neck) {Gourm rC+ Dex+3}
   (You found it on level 5 of the Pits of Slime)

   [amulet of the gourmand]

   It allows you to eat raw meat even when not hungry.
   It affects your dexterity (+3).
   It protects you from cold.
 p - the ring "Saekhat" (right claw) {rCorr rF+}
   (You acquired it on level 5 of the Dungeon)

   [ring of resist corrosion]

   It protects you from fire.
 w - the ring of Uskayaw's Condemnation {rPois rN++ MR+ SInv}
   (You found it on level 5 of the Pits of Slime)

   [ring of poison resistance]

   It protects you from poison.
   It greatly protects you from negative energy.
   It affects your resistance to hostile enchantments.
   It lets you see invisible.
 x - the amulet of Naqen {Faith Int+6}
   (You took it off a deep elf death mage on level 3 of the Elven Halls)

   [amulet of faith]

   It allows you to gain divine favour quickly.
   It affects your intelligence (+6).
 T - the ring of Ytesedya {+Fly rElec rPois Str+4}
   (You found it on level 3 of the Elven Halls)

   [ring of poison resistance]

   It affects your strength (+4).
   It insulates you from electricity.
   It protects you from poison.
   It lets you fly.
Wands
 j - a wand of digging (3/24)
 q - a wand of teleportation (8/9)
 D - a wand of disintegration (7/24)
 G - a wand of hasting (3/9)
 H - a wand of heal wounds (6/9)
 Y - a wand of iceblast (7/15)
Scrolls
 d - a scroll of recharging
 i - 9 scrolls of remove curse
 o - 9 scrolls of magic mapping
 u - 2 scrolls of enchant armour
 y - 2 scrolls of summoning
 F - 12 scrolls of teleportation
 I - 3 scrolls of fog
 K - 3 scrolls of silence
 R - 9 scrolls of identify
 U - 2 scrolls of fear
Potions
 a - 6 potions of agility
 c - 8 potions of flight
 g - 7 potions of heal wounds
 h - 3 potions of magic
 n - 13 potions of curing
 s - 5 potions of cancellation
 t - a potion of haste
 B - a potion of cure mutation
 C - 7 potions of invisibility
 J - a potion of might
 P - a potion of berserk rage
 V - 7 potions of ambrosia
 Z - a potion of resistance
Comestibles
 f - 22 bread rations
 l - 18 meat rations
 v - 5 fruits


   Skills:
 O Level 27 Fighting
 - Level 26.5 Axes
 - Level 2.5 Throwing
 + Level 20.0 Armour
 + Level 9.7 Dodging
 - Level 11.2 Invocations
 * Level 6.7 Evocations


You had 26 spell levels left.
You didn't know any spells.

Dungeon Overview and Level Annotations

Branches:
Dungeon (15/15)            Temple (0/1) D:6            Lair (6/6) D:10
 Shoals (4/4) Lair:2       Spider (4/4) Lair:4        Slime (5/5) Lair:5
    Orc (2/2) D:11            Elf (3/3) Orc:2        Vaults (4/5) D:14
  Crypt (3/3) Vaults:3       Tomb (0/3) Crypt:3      Depths (5/5) D:15
   Hell (1/1)                 Dis (0/7) Hell            Geh (0/7) Hell
    Coc (0/7) Hell            Tar (0/7) Hell            Zot (1/5) Depths:5

Altars:
Ashenzari
Cheibriados
Dithmenos
Fedhas
Gozag
Makhleb
Okawaru
Qazlal
Ru
Sif Muna
Vehumet
Xom
Yredelemnul
Zin
Beogh
Jiyva

Shops:
D:5 ?   D:7 :[*%!   D:8 !   D:10 ?*[(   D:11 [   D:15 *   Orc:2 }?}(!   Elf:1 [
Elf:3 (   Vaults:1 }   Vaults:4 }   Depths:1 =}}   Depths:2 !:*

Portals:
Hell: Depths:1 Depths:2 Depths:3 Depths:4 Depths:5
Abyss: Depths:1 Depths:4
Pandemonium: Depths:3 Depths:5
Ziggurat: Depths:3
Trove: D:14 (give +4 demon trident)

Annotations:
D:14 2 exclusions
Elf:2 3 runed doors
Depths:3 exclusion: downstairs


Innate Abilities, Weirdness & Mutations

You have claws for hands.
You are completely covered in yellow scales. (AC +4, rCorr)
Your flesh is cold resistant. (rC+)
You frequently emit foul miasma when damaged in melee.
A meltable icy envelope protects you from harm. (AC +0)
Your magical and physical power is greatly enhanced at high health.
You are immune to rotting.
You are immune to freezing clouds.
You are clumsy. (Dex -2)
Your spells are a little harder to cast, but a little more powerful.


Message History

Unknown command.
Okay, then.
You feel much better.
The ettin is engulfed in dark miasma.
The ettin looks even sicker.
The ettin closely misses you. The ettin barely misses you.
The quicksilver dragon bites you but does no damage.
The quicksilver dragon closely misses you.
The lich misses you.
The mottled draconian hits you with a hand axe!
* * * LOW HITPOINT WARNING * * *
You emit a cloud of foul miasma!
The fire dragon closely misses you.
The fire dragon claws you but does no damage.
The fire dragon tramples you but does no damage.
The quicksilver dragon bites you but does no damage.
The quicksilver dragon claws you but does no damage.
The lich barely misses you.
The mottled draconian is engulfed in dark miasma.
The mottled draconian is poisoned.
The mottled draconian hits you with a hand axe!!
You die...

.. ... .. .# .^
... .. .
$.##.#.>.#.##.$
$....#.#....$
+##..⌠.>.>..##+
$$....#.#....$$
##.#Dd.#.##
#..)DdC...#
#...#d@.#...#
#... #D#L# ...#
... #.C#yD# ...
.. #.$$+d$.# ..
. ###+#'### .
(? $. .#


You could see a titan, a mottled draconian (berserk), 2 draconians, a purple
draconian, 2 fire dragons, an ice dragon, a quicksilver dragon, a lich, an ettin
(berserk) and a moth of wrath.

Vanquished Creatures
  Dissolution (Slime:4)
  the Royal Jelly (Slime:5)
  3 ancient liches
  Mennas (Depths:4)
  Mara (Shoals:4)
  3 juggernauts
  Boris (Depths:5)
  6 caustic shrikes
  Xtahua (Crypt:1)
  5 golden dragons
  Saint Roka (Depths:5)
  A curse toe (Crypt:3)
  Geryon (Hell)
  Jory (Depths:5)
  the Enchantress (Depths:2)
  4 bone dragons
  A hellephant (Hell)
  6 tentacled monstrosities
  10 liches
  2 titans (Vaults:4)
  A deep elf blademaster (Elf:3)
  20 acid blobs
  3 tentacled starspawn (Abyss:1)
  2 quicksilver dragons
  An Executioner (Abyss:3)
  8 sphinxes
  7 tengu reavers
  A draconian monk (Depths:4)
  4 ancient champions
  3 shadow dragons
  14 azure jellies
  5 storm dragons
  2 revenants
  12 fire giants
  17 frost giants
  Ilsuiw (Shoals:4)
  A draconian knight (Depths:5)
  16 vault wardens
  4 iron dragons
  4 ghost moths
  A cacodemon (Depths:5)
  Louise (Elf:1)
  4 emperor scorpions
  A curse skull (Crypt:3)
  4 deep elf elementalists (Elf:3)
  9 deep elf sorcerers
  An orc warlord (Orc:1)
  3 spriggan defenders (Depths:2)
  4 ghouls
  7 entropy weavers
  24 very ugly things
  2 caustic shrike skeletons
  16 ironheart preservers
  5 reapers
  17 stone giants
  A war gargoyle (Vaults:4)
  15 vampire knights
  Azrael (Spider:3)
  8 deep elf demonologists (Elf:3)
  A draconian annihilator (Depths:4)
  3 green draconians (Depths:5)
  Nessos (Lair:6)
  The ghost of Infinimo the Executioner, a journeyman MiBe of Trog (Lair:6)
  A dire elephant (Abyss:1)
  A mottled draconian (Depths:5)
  7 starcursed masses (Abyss:1)
  3 white draconians
  3 yellow draconians
  13 purple draconians
  5 deep elf annihilators
  5 merfolk javelineers (Shoals:4)
  3 eidola
  9 statues (WizLab)
  13 deep elf death magi
  8 spark wasps
  9 death oozes
  6 jiangshi
  A minotaur (Lab)
  A blizzard demon (Hell)
  A crystal guardian (Vaults:4)
  21 ettins
  14 fire dragons
  13 merfolk impalers
  12 great orbs of eyes
  3 deep elf high priests (Elf:3)
  8 yaktaur captains
  Josephine (D:11)
  7 rakshasas
  Fannar (Orc:1)
  3 catoblepae (Lair:6)
  The ghost of Mirvelgyr the Severer, a journeyman MiBe of Trog (Lair:1)
  16 ice dragons
  2 merfolk avatars
  The ghost of Zigma the Grappler, a journeyman DrMo of Yredelemnul (D:12)
  9 vault guards
  4 hydras
  20 ogre magi
  2 alligator snapping turtles
  2 hell beasts (Hell)
  7 spriggan air magi
  An anaconda (shapeshifter) (Depths:3)
  A satyr (Shoals:3)
  6 death knights
  27 death yaks
  14 dancing weapons
  4 merfolk aquamancers
  16 centaur warriors
  17 deep troll shamans
  A hell hog (Abyss:1)
  A queen ant (shapeshifter) (Depths:5)
  9 deep troll earth magi
  4 tengu warriors
  15 vampire magi
  2 thrashing horrors (Abyss:3)
  2 iron golems (Hell)
  A queen ant (D:12)
  2 orc high priests
  10 soul eaters
  20 deep elf knights
  6 spriggan berserkers
  A titan skeleton (Depths:1)
  Sonja (Orc:2)
  3 hell knights
  4 sun demons
  A wretched star (Abyss:3)
  26 skeletal warriors
  4 iron trolls
  An anaconda zombie (Hell)
  9 shadow wraiths
  A sixfirhy (Depths:5)
  5 unseen horrors
  7 flayed ghosts
  32 deep trolls
  2 golden dragon zombies
  5 glowing orange brains
  A spark wasp zombie (Depths:4)
  4 hill giants
  10 phantasmal warriors
  2 kraken simulacra (Hell)
  Pikel (D:5)
  13 sea snakes
  An infernal demonspawn (Depths:5)
  A lindwurm (shapeshifter) (Depths:3)
  27 deep elf archers
  A harpy (shapeshifter) (D:13)
  7 necromancers
  8 ironbrand convokers
  12 orc knights
  8 harpies (Shoals:4)
  7 wizards
  An anaconda skeleton (Crypt:3)
  27 orb spiders
  2 fauns (shapeshifter)
  2 stone giant zombies (Hell)
  87 deep elf magi
  2 mana vipers
  A lindwurm (D:14)
  7 orc sorcerers
  13 shining eyes
  79 ugly things
  A hell hog zombie (Crypt:1)
  A fire giant zombie (Hell)
  11 manticores
  5 fauns
  28 wolf spiders
  5 moths of wrath
  2 salamanders (shapeshifter)
  3 cyclopes
  A frost giant skeleton (Depths:2)
  19 vault sentinels
  14 sirens
  5 ice statues (IceCv)
  A moth of wrath (shapeshifter) (Depths:3)
  3 black mambas (shapeshifter)
  A guardian serpent (shapeshifter) (D:13)
  An apocalypse crab (Abyss:3)
  A fire giant skeleton (Crypt:2)
  An elephant (Abyss:1)
  3 naga magi
  A shock serpent zombie (Crypt:2)
  A water nymph (shapeshifter) (Depths:4)
  4 rust devils (Hell)
  A molten gargoyle (Hell)
  4 black mambas
  2 eyes of devastation (Slime:2)
  A torpor snail (Lair:6)
  7 water nymphs
  3 gargoyles
  6 smoke demons
  A pale draconian zombie (Crypt:1)
  2 orange demons
  7 komodo dragons
  A white draconian zombie (Crypt:3)
  8 spiny frogs
  A hellion (Hell)
  4 demonic crawlers
  A red draconian zombie (Crypt:1)
  15 freezing wraiths
  A dire elephant skeleton (Crypt:2)
  46 yaktaurs
  An anaconda simulacrum (IceCv)
  3 rime drakes
  A yaktaur (shapeshifter) (Vaults:2)
  A hellwing (Abyss:1)
  A polar bear (Lair:6)
  4 tengu conjurers
  An efreet (D:14)
  2 golden dragon simulacra (IceCv)
  2 ice devils
  A yellow draconian skeleton (Crypt:2)
  4 harpy zombies (Shoals:3)
  The ghost of Gorice the Skirmisher, an amateur DrAE of Okawaru (Ossuary)
  3 red devils
  A shadow dragon simulacrum (Abyss:1)
  A queen bee (shapeshifter) (Depths:2)
  30 merfolk
  15 hornets
  41 jumping spiders
  A polar bear (shapeshifter) (Depths:3)
  2 jumping spiders (shapeshifter) (Vaults:3)
  2 hydra zombies (Hell)
  8 wind drakes
  A meliai (shapeshifter) (Vaults:4)
  A hornet (shapeshifter) (Depths:3)
  A tengu simulacrum (Depths:1)
  11 trolls
  32 two-headed ogres
  A jumping spider zombie (Crypt:2)
  3 dream sheep (Shoals:2)
  2 dream sheep (shapeshifter) (Vaults:3)
  2 hippogriffs (shapeshifter)
  A bog body (Crypt:2)
  4 raiju (Abyss:3)
  18 hippogriffs
  123 slime creatures
  3 fire giant simulacra
  11 snapping turtles
  8 air elementals
  2 shadows
  A flying skull (Crypt:3)
  10 large abominations
  14 water elementals
  78 redbacks
  A wyvern (shapeshifter) (Depths:4)
  An ice dragon skeleton (Depths:1)
  A ynoxinul (Abyss:1)
  An ettin skeleton (Depths:2)
  Sigmund (D:2)
  80 yaks
  4 fire bats (D:11)
  18 tarantellas
  17 wraiths
  A yak (shapeshifter) (Depths:3)
  A spriggan (shapeshifter) (Vaults:3)
  5 spriggans
  12 wyverns
  16 fire elementals
  A hill giant zombie (Crypt:2)
  A wind drake zombie (Crypt:1)
  A chaos spawn (Abyss:3)
  A human (shapeshifter) (Depths:4)
  4 basilisks (D:14)
  17 golden eyes
  A human simulacrum (Vaults:1)
  4 hungry ghosts
  3 steam dragons
  2 vampire mosquitoes (D:12)
  7 wargs
  An iron troll simulacrum (IceCv)
  5 mottled dragons
  A deep troll zombie (Vaults:3)
  A swamp worm (shapeshifter) (D:14)
  A harpy simulacrum (IceCv)
  23 soldier ants
  13 water moccasins
  7 hell hounds
  4 porcupines
  A tengu skeleton (Depths:1)
  A faun skeleton (Crypt:1)
  3 hydra simulacra (IceCv)
  61 orc warriors
  5 black bears
  An ettin simulacrum (IceCv)
  7 eyes of draining
  9 ice beasts
  A sky beast (D:8)
  2 spriggan simulacra
  An alligator simulacrum (Hell)
  A spiny frog skeleton (Crypt:2)
  A slave (D:5)
  65 ogres
  A deep troll simulacrum (Depths:1)
  3 necrophages
  A wolf (Lair:5)
  3 phantoms
  A swamp dragon zombie (Hell)
  11 boggarts
  23 centaurs
  10 crocodiles
  6 small abominations
  2 big kobolds
  13 bullfrogs
  A rime drake skeleton (Crypt:2)
  A hippogriff zombie (Shoals:3)
  A human zombie (Vaults:3)
  4 elf zombies
  7 earth elementals
  A spiny frog simulacrum (Hell)
  2 hell hound skeletons (Crypt:3)
  2 wyvern skeletons
  4 scorpions
  A warg zombie (Crypt:1)
  3 killer bees (D:7)
  A killer bee (shapeshifter) (Depths:4)
  A polar bear skeleton (Crypt:3)
  22 wights
  5 howler monkeys
  5 electric eels
  19 crimson imps
  6 lava snakes
  A quasit (D:13)
  5 centaur zombies
  2 hounds
  21 orc wizards
  Crazy Yiuf (D:2)
  25 orc priests
  8 centaur skeletons
  2 iron imps (Hell)
  7 jellies
  4 bullfrog skeletons
  Jessica (D:3)
  4 iguanas
  Terence (D:3)
  A human skeleton (Crypt:3)
  28 worker ants
  Ijyb (D:2)
  Natasha (thrice) (D:2)
  8 hell rats
  A porcupine zombie (Crypt:1)
  A big kobold zombie (Ossuary)
  An ogre zombie (Crypt:1)
  A deep dwarf skeleton (Crypt:2)
  A mottled dragon skeleton (Crypt:3)
  3 hound zombies
  3 mummies (Ossuary)
  A hound skeleton (D:10)
  A howler monkey zombie (D:11)
  3 worker ant zombies
  A hell rat skeleton (Crypt:1)
  18 adders
  A gnoll (shapeshifter) (Depths:4)
  A river rat (shapeshifter) (Depths:3)
  5 shadow imps
  3 white imps
  An ooze (D:2)
  An adder zombie (Ossuary)
  3 adder skeletons
  A lava snake skeleton (Crypt:3)
  5 worms
  A dart slug (D:2)
  9 leopard geckos
  106 orcs
  2 ball pythons
  8 giant cockroaches
  8 goblins
  5 hobgoblins
  6 jackals
  3 quokkas
  8 bats
  5 frilled lizards
  3 gnoll zombies (Ossuary)
  3 goblin zombies (Ossuary)
  A hobgoblin zombie (Ossuary)
  A jackal skeleton (D:5)
  10 jackal zombies (Ossuary)
  17 kobolds
  2 kobold zombies (Ossuary)
  2 orc zombies (Ossuary)
  A quokka skeleton (Crypt:1)
  5 quokka zombies
  6 rats
  5 rat zombies
  A butterfly (Lair:2)
  A crawling corpse (Elf:3)
  13 plants
  5 starspawn tentacles (Abyss:1)
2796 creatures vanquished.

Vanquished Creatures (others)
  A golden dragon (Depths:5)
  A juggernaut zombie (Depths:1)
  A deep elf archer (Elf:1)
  An orb spider (Spider:3)
  3 deep elf magi
  2 jumping spiders
  An electric eel (Spider:3)
  2 fire vortices (D:11)
  27 fungi
  29 plants
  3 starspawn tentacles (Abyss:1)
  8 tentacles (Hell)
79 creatures vanquished.

Grand Total: 2875 creatures vanquished

Notes
Turn   | Place    | Note
-------+----------+-------------------------------------------
     0 | D:1      | Kirkhe the Demonspawn Gladiator began the quest for the Orb.
     0 | D:1      | Reached XP level 1. HP: 16/16 MP: 1/1
   100 | D:1      | Gained mutation: You are immune to rotting. [demonic ancestry]
   100 | D:1      | Reached XP level 2. HP: 15/22 MP: 2/2
   899 | D:1      | Reached XP level 3. HP: 20/27 MP: 3/3
  1040 | D:2      | Reached skill level 1 in Armour
  1245 | D:2      | Noticed Natasha
  1259 | D:2      | Killed Natasha
  1259 | D:2      | Reached XP level 4. HP: 18/33 MP: 4/4
  1464 | D:2      | Found a snail-covered altar of Cheibriados.
  1466 | D:2      | Noticed Natasha
  1481 | D:2      | Killed Natasha
  1842 | D:2      | Noticed Ijyb
  1869 | D:2      | Killed Ijyb
  1869 | D:2      | Gained mutation: Your flesh is cold resistant. (rC+) [demonic ancestry]
  1869 | D:2      | Reached XP level 5. HP: 35/38 MP: 5/5
  1890 | D:2      | Noticed Sigmund
  1959 | D:2      | Found a runed door.
  2065 | D:2      | Noticed Natasha
  2076 | D:2      | Killed Natasha
  2076 | D:2      | Reached skill level 5 in Axes
  2568 | D:3      | Found a sacrificial altar of Ru.
  2631 | D:3      | Noticed Terence
  2642 | D:3      | Killed Terence
  2869 | D:3      | Noticed Jessica
  2875 | D:3      | Killed Jessica
  3266 | D:3      | Gained mutation: You have sharp fingernails. [demonic ancestry]
  3266 | D:3      | Reached XP level 6. HP: 44/44 MP: 6/6
  3288 | D:3      | Found a shadowy altar of Dithmenos.
  4418 | D:4      | Found a stormy altar of Qazlal.
  4814 | D:5      | Entered Level 5 of the Dungeon
  4862 | D:5      | Gained mutation: You are partially covered in yellow scales. (AC +2) [demonic ancestry]
  4862 | D:5      | Reached XP level 7. HP: 42/50 MP: 7/7
  4889 | D:5      | Found a sand-covered staircase.
  5027 | Ossuary  | Entered an ossuary
  5354 | Ossuary  | Noticed Gorice's ghost (amateur DrAE)
  5413 | Ossuary  | Killed Gorice's ghost
  5846 | D:5      | Found an iron altar of Okawaru.
  5861 | D:5      | Became a worshipper of Warmaster Okawaru
  5916 | D:5      | Found Difydyos's Magic Scroll Emporium.
  5935 | D:5      | Bought a scroll of magic mapping for 45 gold pieces
  5935 | D:5      | Bought a scroll of identify for 26 gold pieces
  5935 | D:5      | Bought a scroll of identify for 26 gold pieces
  5935 | D:5      | Bought a scroll of teleportation for 39 gold pieces
  5935 | D:5      | Bought a scroll of noise for 13 gold pieces
  6104 | D:5      | Noticed Pikel
  6135 | D:5      | Killed Pikel
  6135 | D:5      | Reached * piety under Okawaru
  6135 | D:5      | Reached XP level 8. HP: 14/56 MP: 8/8
  6413 | D:2      | Noticed Crazy Yiuf
  6421 | D:2      | Killed Crazy Yiuf
  6706 | D:2      | Killed Sigmund
  6873 | D:6      | Reached skill level 10 in Axes
  7189 | D:6      | Reached XP level 9. HP: 61/61 MP: 9/9
  7259 | D:6      | Reached ** piety under Okawaru
  7281 | D:6      | Found a staircase to the Ecumenical Temple.
  7325 | D:6      | Found a shattered altar of Ashenzari.
  7574 | D:6      | Gained mutation: Your mind is acute. (Int +2) [potion of beneficial mutation]
  7580 | D:7      | Identified An Introduction to Magic
  7635 | D:7      | Found a shimmering altar of Xom.
  7711 | D:7      | Found Uteyn's Antique Armour Shop.
  7714 | D:7      | Found Ylui's General Store.
  7718 | D:7      | Found Wuggioxzyeh's Food Emporium.
  7730 | D:7      | Bought a +1 cloak of poison resistance for 175 gold pieces
  7881 | D:7      | Found a blossoming altar of Fedhas.
  8244 | D:7      | Found a deep blue altar of Sif Muna.
  8329 | D:7      | Found Fygius's Book Shoppe.
  8607 | D:7      | Found Fudiqun's Distillery.
  8610 | D:7      | Bought a potion of curing for 42 gold pieces
  8610 | D:7      | Bought a potion of curing for 42 gold pieces
  8725 | D:7      | Got a transparent leather armour
  8736 | D:7      | Identified the +3 leather armour of Diemn {rCorr Int+4} (You found it on level 7 of the Dungeon)
  8766 | D:8      | Found Ivvaff's Distillery.
  8819 | D:8      | Found a radiant altar of Vehumet.
  8820 | D:8      | Found a burning altar of Makhleb.
  9053 | D:8      | Reached *** piety under Okawaru
  9061 | D:8      | Gained mutation: You are frail. (-10% HP) [mutagenic meat]
  9064 | D:8      | Gained mutation: You are mostly covered in yellow scales. (AC +3) [mutagenic meat]
  9067 | D:8      | Gained mutation: Your body sometimes deteriorates upon taking damage. [mutagenic meat]
  9070 | D:8      | Gained mutation: You have sharp toenails. [mutagenic meat]
  9073 | D:8      | Lost mutation: Your body sometimes deteriorates upon taking damage. [mutagenic meat]
  9148 | D:8      | Gained mutation: You are immune to freezing clouds. [demonic ancestry]
  9148 | D:8      | Reached XP level 10. HP: 38/60 MP: 10/10
  9454 | D:8      | Found an opulent altar of Gozag.
  9613 | D:8      | Found a basalt altar of Yredelemnul.
  9615 | D:8      | Found a glowing silver altar of Zin.
  9866 | D:9      | You fall through a shaft!
  9866 | D:10     | Entered Level 10 of the Dungeon
  9873 | D:10     | Found Weodizxa's Antique Armour Boutique.
  9900 | D:10     | Found Luuwed's General Store.
  9931 | D:10     | Noticed a hill giant
  9943 | D:10     | Killed a hill giant
  9943 | D:10     | Reached **** piety under Okawaru
  9943 | D:10     | Reached skill level 3 in Fighting
 10193 | D:10     | Found a staircase to the Lair.
 10283 | D:10     | Reached skill level 4 in Fighting
 10539 | D:10     | Found Cennumon's Magic Scroll Shoppe.
 10599 | D:10     | Found Yhe Qitt's Weapon Shoppe.
 10822 | D:9      | Reached skill level 5 in Fighting
 11203 | D:9      | Found a blossoming altar of Fedhas.
 11264 | D:9      | Gained mutation: You have very sharp fingernails. [demonic ancestry]
 11264 | D:9      | Reached XP level 11. HP: 61/71 MP: 11/11
 11408 | Lair:1   | Entered Level 1 of the Lair of Beasts
 11415 | Lair:1   | Reached ***** piety under Okawaru
 11415 | Lair:1   | Received a gift from Okawaru
 11653 | Lair:1   | Lost mutation: You are frail. (-10% HP) [potion of cure mutation]
 11653 | Lair:1   | Lost mutation: Your mind is acute. (Int +2) [potion of cure mutation]
 11653 | Lair:1   | Lost mutation: You have sharp toenails. [potion of cure mutation]
 11653 | Lair:1   | Lost mutation: You are mostly covered in yellow scales. (AC +3) [potion of cure mutation]
 11655 | Lair:1   | Identified a scroll of acquirement
 11658 | Lair:1   | Got a pair of scorched boots
 11669 | Lair:1   | Identified the +1 pair of boots "Nol Vih" {rElec rPois Regen+ Stlth-} (You acquired it on level 1 of the Lair of Beasts)
 11757 | Lair:1   | Received a gift from Okawaru
 11969 | Lair:1   | Reached skill level 5 in Armour
 11969 | Lair:1   | Reached skill level 1 in Invocations
 12013 | Lair:1   | Noticed Mirvelgyr's ghost (journeyman MiBe)
 12342 | Lair:2   | Reached skill level 6 in Fighting
 12793 | Lair:2   | Found a staircase to the Shoals.
 13255 | Lair:3   | Gained mutation: You may emit foul miasma when damaged in melee. [demonic ancestry]
 13255 | Lair:3   | Reached XP level 12. HP: 84/89 MP: 12/15
 13403 | Lair:3   | Reached skill level 7 in Fighting
 13403 | Lair:3   | Reached skill level 15 in Axes
 13992 | Lair:4   | Received a gift from Okawaru
 14465 | Lair:4   | Found a hole to the Spider Nest.
 14799 | Lair:5   | Reached skill level 5 in Invocations
 14820 | Lair:5   | Noticed an eight-headed hydra
 14871 | Lair:5   | Found a staircase to the Slime Pits.
 14904 | Lair:5   | Found a viscous altar of Jiyva.
 15223 | Lair:5   | Noticed a death yak
 15231 | Lair:5   | Noticed a death yak
 15233 | Lair:5   | Noticed a death yak
 15234 | Lair:5   | Killed a death yak
 15235 | Lair:5   | Noticed a death yak
 15236 | Lair:5   | Noticed a death yak
 15239 | Lair:5   | Killed a death yak
 15249 | Lair:5   | Killed a death yak
 15251 | Lair:5   | Killed a death yak
 15251 | Lair:5   | Reached skill level 8 in Fighting
 15255 | Lair:5   | Killed a death yak
 15603 | Lair:5   | Got a brightly glowing war axe
 15610 | Lair:5   | Identified the cursed +3 war axe "Upnufuh" {freeze, rF+ MR+ Dex+4} (You found it on level 5 of the Lair of Beasts)
 15787 | Lair:6   | Entered Level 6 of the Lair of Beasts
 15809 | Lair:6   | Noticed a death yak
 15810 | Lair:6   | Noticed a death yak
 15831 | Lair:5   | Killed a death yak
 15844 | Lair:5   | Killed a death yak
 16053 | Lair:6   | Gained mutation: You are mostly covered in yellow scales. (AC +3) [demonic ancestry]
 16053 | Lair:6   | Reached XP level 13. HP: 67/99 MP: 18/18
 16068 | Lair:6   | Received a gift from Okawaru
 16075 | Lair:6   | Got a bloodstained executioner's axe {god gift}
 16076 | Lair:6   | Identified the +2 executioner's axe of Heresy {pain, *Rage rF+ MR++ SInv} (Okawaru gifted it to you on level 6 of the Lair of Beasts)
 16149 | Lair:6   | Noticed Nessos
 16185 | Lair:6   | Reached ****** piety under Okawaru
 16419 | Lair:6   | Reached skill level 9 in Fighting
 16675 | Lair:6   | Received a gift from Okawaru
 16843 | D:11     | Found a labyrinth entrance.
 16852 | Lab      | Entered a labyrinth
 17027 | Lab      | Noticed a minotaur
 17037 | Lab      | Killed a minotaur
 17040 | Lab      | Identified the Guide on the Fetching Snowflakes
 17065 | Lab      | Identified a +2 rod of shadows (9/9) (You found it in a labyrinth)
 17066 | Lab      | Identified a +3 rod of inaccuracy (9/9) (You found it in a labyrinth)
 17075 | Lab      | Got a bloodstained chain mail
 17098 | D:11     | Identified the +8 chain mail "Hauntese" {MR- Int+5} (You found it in a labyrinth)
 17154 | D:11     | Received a gift from Okawaru
 17268 | D:11     | Noticed Josephine
 17274 | D:11     | Killed Josephine
 17330 | D:11     | Found Coron's Antique Armour Shoppe.
 17437 | D:11     | Reached skill level 10 in Fighting
 17646 | D:11     | Found a roughly hewn altar of Beogh.
 17742 | D:11     | Found a staircase to the Orcish Mines.
 18105 | D:7      | Bought a glowing cloak for 273 gold pieces
 18281 | Orc:1    | Entered Level 1 of the Orcish Mines
 18288 | Orc:1    | Noticed Fannar
 18314 | Orc:1    | Killed Fannar
 18499 | Orc:1    | Paralysed by an orc sorcerer for 2 turns
 18575 | Orc:1    | Noticed an orc warlord
 18626 | Orc:1    | HP: 1/104 [orc priest/divine providence (8)]
 18969 | Lair:6   | Killed Nessos
 18969 | Lair:6   | Reached XP level 14. HP: 87/111 MP: 20/20
 19012 | Lair:6   | Received a gift from Okawaru
 19067 | Lair:6   | Noticed Infinimo's ghost (journeyman MiBe)
 19263 | Lair:6   | Killed Infinimo's ghost
 19263 | Lair:6   | Reached skill level 11 in Fighting
 20071 | D:12     | Noticed an entropy weaver
 20072 | D:12     | Noticed an entropy weaver
 20161 | D:12     | Killed an entropy weaver
 20566 | D:12     | Reached skill level 10 in Armour
 20630 | D:12     | Reached skill level 12 in Fighting
 20697 | D:12     | Killed an entropy weaver
 20770 | D:12     | Noticed Zigma's ghost (journeyman DrMo)
 20798 | D:12     | Killed Zigma's ghost
 20895 | D:12     | Received a gift from Okawaru
 21279 | D:13     | Reached XP level 15. HP: 99/122 MP: 21/21
 21356 | D:13     | Found a viscous altar of Jiyva.
 22234 | D:14     | Received a gift from Okawaru
 22249 | D:14     | Found a gate to the Vaults.
 22423 | D:14     | Found a portal to a secret trove of treasure.
 22570 | D:14     | Reached skill level 13 in Fighting
 22990 | D:15     | Entered Level 15 of the Dungeon
 23090 | D:15     | Found Riluseh's Pet Rocks.
 23399 | D:15     | Reached skill level 1 in Evocations
 23584 | D:15     | Paralysed by an orc sorcerer for 5 turns
 23712 | D:15     | Received a gift from Okawaru
 23713 | D:15     | Found a staircase to the Depths.
 23721 | D:15     | Got a pair of fine boots {god gift}
 23732 | D:15     | Identified the -4 pair of boots of Minor Irritation {rPois} (Okawaru gifted it to you on level 15 of the Dungeon)
 24226 | D:8      | Bought a potion of curing for 42 gold pieces
 24226 | D:8      | Bought a potion of heal wounds for 70 gold pieces
 24230 | D:8      | Bought a potion of might for 56 gold pieces
 24230 | D:8      | Bought a potion of might for 56 gold pieces
 24230 | D:8      | Bought a potion of berserk rage for 70 gold pieces
 24273 | D:7      | Bought a potion of haste for 130 gold pieces
 24455 | Orc:1    | Killed an orc warlord
 24782 | Orc:2    | Entered Level 2 of the Orcish Mines
 24782 | Orc:2    | Noticed Sonja
 24784 | Orc:2    | Found an iron altar of Okawaru.
 24787 | Orc:2    | Killed Sonja
 25034 | Orc:2    | Found a staircase to the Elven Halls.
 25086 | Orc:2    | Paralysed by an orc sorcerer for 6 turns
 25374 | Orc:2    | Found Figun's Distillery.
 25673 | Orc:2    | Found Gapluserph's Gadget Boutique.
 25673 | Orc:2    | Found Jixec's Magic Scroll Shoppe.
 25675 | Orc:2    | Found Voklarig's Gadget Emporium.
 25677 | Orc:2    | Found Pyatweg's Weapon Shop.
 25764 | Orc:2    | Reached XP level 16. HP: 91/132 MP: 22/22
 26172 | D:10     | Bought a scroll of blinking for 112 gold pieces
 26172 | D:10     | Bought a scroll of silence for 112 gold pieces
 26259 | Lair:1   | Killed Mirvelgyr's ghost
 26325 | Spider:1 | Entered Level 1 of the Spider Nest
 26795 | Spider:1 | Reached skill level 14 in Fighting
 26935 | Spider:1 | Received a gift from Okawaru
 27281 | Spider:2 | Received a gift from Okawaru
 27405 | Spider:2 | Reached skill level 5 in Dodging
 27877 | Spider:3 | Noticed Azrael
 28268 | Spider:3 | Gained mutation: Your system is resistant to poisons. (rPois) [potion of beneficial mutation]
 28561 | Spider:3 | Killed Azrael
 29509 | Spider:4 | Entered Level 4 of the Spider Nest
 29618 | Spider:4 | Received a gift from Okawaru
 29691 | Spider:4 | Reached skill level 15 in Fighting
 29739 | Spider:4 | Reached XP level 17. HP: 78/142 MP: 23/23
 29982 | Spider:4 | Got a translucent morningstar
 30039 | Spider:4 | Identified the +2 morningstar of Ehitasam {crush, -Tele rN+ Int+2} (You found it on level 4 of the Spider Nest)
 31294 | Spider:4 | Got a gossamer rune of Zot
 31581 | Shoals:1 | Entered Level 1 of the Shoals
 32294 | Elf:1    | Entered Level 1 of the Elven Halls
 32380 | Elf:1    | Received a gift from Okawaru
 32537 | Elf:1    | HP: 1/143 [deep elf archer/arrow (9)]
 32574 | Elf:1    | Found a frozen archway.
 32655 | IceCv    | Entered an ice cave
 33369 | Elf:1    | Found Qerora Wuyky's Antique Armour Shoppe.
 33684 | Orc:2    | Bought a scroll of recharging for 133 gold pieces
 33684 | Orc:2    | Bought a scroll of recharging for 133 gold pieces
 33940 | D:5      | Bought 2 scrolls of recharging for 247 gold pieces
 33940 | D:5      | Bought a scroll of acquirement for 676 gold pieces
 33946 | D:5      | Got a fine lapis lazuli ring
 33947 | D:5      | Identified the ring "Saekhat" {rCorr rF+} (You acquired it on level 5 of the Dungeon)
 34200 | Vaults:1 | Entered Level 1 of the Vaults
 34311 | Vaults:1 | Gained mutation: You are completely covered in yellow scales. (AC +4, rCorr) [demonic ancestry]
 34311 | Vaults:1 | Reached XP level 18. HP: 151/151 MP: 24/24
 34405 | Vaults:1 | Received a gift from Okawaru
 34719 | Vaults:1 | Reached skill level 16 in Fighting
 35349 | Vaults:1 | Found Gafely's Gadget Shop.
 36345 | Vaults:1 | Received a gift from Okawaru
 36815 | D:10     | Bought a scroll of enchant weapon for 112 gold pieces
 37013 | Orc:2    | Bought a potion of curing for 45 gold pieces
 37013 | Orc:2    | Bought a potion of curing for 45 gold pieces
 37013 | Orc:2    | Bought a potion of heal wounds for 75 gold pieces
 37755 | Vaults:2 | Received a gift from Okawaru
 37952 | Vaults:2 | Gained mutation: A meltable icy envelope protects you from harm. (AC +0) [demonic ancestry]
 37952 | Vaults:2 | Reached XP level 19. HP: 109/158 MP: 25/25
 38708 | Vaults:3 | Received a gift from Okawaru
 39076 | Vaults:3 | Received a gift from Okawaru
 39627 | Vaults:3 | Noticed a bone dragon
 39635 | Vaults:3 | Killed a bone dragon
 39647 | Vaults:3 | Found a staircase to the Crypt.
 39791 | Vaults:4 | Received a gift from Okawaru
 39798 | Vaults:4 | Got a heavily runed chain mail {god gift}
 39812 | Vaults:4 | Identified the +1 chain mail of Objectivity {-Cast MR++ rCorr Dex+4} (Okawaru gifted it to you on level 4 of the Vaults)
 39997 | Vaults:4 | Reached skill level 15 in Armour
 40005 | Vaults:4 | Reached XP level 20. HP: 62/166 MP: 21/26
 40216 | Vaults:4 | Found Voeplela's Gadget Shoppe.
 40623 | Vaults:4 | Cast into level 3 of the Abyss (tengu reaver)
 41058 | Vaults:4 | Escaped the Abyss
 41273 | Vaults:4 | Received a gift from Okawaru
 42511 | Elf:1    | Identified the Grimoire of Confrontation
 42725 | Elf:1    | Noticed Louise
 42738 | Elf:1    | Killed Louise
 43323 | Elf:2    | Found a huge runed gate.
 43323 | Elf:2    | Found a huge runed gate.
 43323 | Elf:2    | Found a huge runed gate.
 43412 | Elf:2    | Received a gift from Okawaru
 43906 | Elf:3    | Entered Level 3 of the Elven Halls
 43910 | Elf:3    | Gained mutation: You have claws for hands. [demonic ancestry]
 43910 | Elf:3    | Reached XP level 21. HP: 172/172 MP: 27/27
 43952 | Elf:3    | Found a magical portal.
 43964 | WizLab   | Entered Iskenderun's Mystic Tower
 44954 | WizLab   | Identified the Disquisition on Shifting Heat
 45059 | WizLab   | Identified Iskenderun's Almanac of Arcane Weapons
 45059 | WizLab   | Identified Iskenderun's Disquisition on Confrontation
 45282 | Elf:3    | Found Ucvoustre's Weapon Boutique.
 45696 | Elf:3    | Identified Ymeacit's Reference Book on Sinister Magic
 45774 | Elf:3    | Received a gift from Okawaru
 46381 | Elf:3    | Got a glittering diamond amulet
 46382 | Elf:3    | Identified the amulet of Naqen {Faith Int+6} (You took it off a deep elf death mage on level 3 of the Elven Halls)
 46617 | Elf:3    | Received a gift from Okawaru
 46628 | Elf:3    | Got an ichor-stained chain mail {god gift}
 46651 | Elf:3    | Identified Sif Muna's Guide on Enhancements and the Escort
 46656 | Elf:3    | Identified the Compendium of Gliding Slavery
 46667 | Elf:3    | Got a pair of slimy boots
 46741 | Elf:3    | Identified the Grimoire of the Glacier and the Volcanoes
 46817 | Elf:3    | Identified the +4 pair of boots "Roywi" {rF+} (You found it on level 3 of the Elven Halls)
 46835 | Elf:3    | Got a warped lead ring
 46836 | Elf:3    | Identified the ring of Light {*Drain +Inv rN+++ Str+3 Int-4} (You found it on level 3 of the Elven Halls)
 46840 | Elf:3    | Got a twitching copper ring
 46841 | Elf:3    | Identified the ring of Ytesedya {+Fly rElec rPois Str+4} (You found it on level 3 of the Elven Halls)
 46844 | Elf:3    | Identified the Reference Book on Freezing Unholy Rituals
 47107 | Elf:2    | Got a pair of twisted boots {god gift}
 47120 | Elf:2    | Identified the +1 pair of boots of Shadows and Fog {Str+3} (Okawaru gifted it to you on level 2 of the Elven Halls)
 47354 | D:11     | Identified the +1 chain mail of Pemeat {rC+ MR- Dex+4} (Okawaru gifted it to you on level 3 of the Elven Halls)
 47949 | Shoals:2 | Cast into level 1 of the Abyss (siren)
 48050 | Abyss:1  | Gained mutation: You frequently emit foul miasma when damaged in melee. [demonic ancestry]
 48050 | Abyss:1  | Reached XP level 22. HP: 108/179 MP: 28/28
 48219 | Abyss:1  | Found a corrupted altar of Lugonu.
 48296 | Shoals:2 | Escaped the Abyss
 49538 | Shoals:4 | Entered Level 4 of the Shoals
 49637 | Shoals:4 | Noticed Ilsuiw
 49651 | Shoals:4 | Killed Ilsuiw
 49656 | Shoals:4 | Noticed Mara
 49658 | Shoals:4 | Received a gift from Okawaru
 49682 | Shoals:4 | Killed Mara
 50035 | Shoals:4 | Got a barnacled rune of Zot
 50471 | Shoals:4 | Received a gift from Okawaru
 50475 | Shoals:4 | Got a heavily runed cloak {god gift}
 50493 | Shoals:4 | Identified the +0 cloak of the Sturgeon {rElec rCorr SInv} (Okawaru gifted it to you on level 4 of the Shoals)
 51133 | Depths:1 | Entered Level 1 of the Depths
 51337 | Depths:1 | Found a gateway to Hell.
 51629 | Depths:1 | Reached skill level 17 in Fighting
 51672 | Depths:1 | Found Wiparuat's Gadget Shop.
 51675 | Depths:1 | Found Homi's Jewellery Shoppe.
 51676 | Depths:1 | Found Wuseluergh's Gadget Shop.
 51686 | Depths:1 | Bought a wand of hasting (2/9) for 468 gold pieces
 51861 | Depths:1 | Found a one-way gate to the infinite horrors of the Abyss.
 52213 | Depths:2 | Reached XP level 23. HP: 134/187 MP: 30/30
 52282 | Depths:2 | Found Itoy's Serpentskin Sales.
 52311 | Depths:2 | Noticed the Enchantress
 52330 | Depths:2 | Received a gift from Okawaru
 52358 | Depths:2 | Killed the Enchantress
 52478 | Depths:2 | Got faerie dragon scales
 52513 | Depths:2 | Noticed a juggernaut
 52528 | Depths:2 | Killed a juggernaut
 52528 | Depths:2 | Reached skill level 10 in Invocations
 52555 | Depths:2 | Noticed a juggernaut
 52750 | Depths:1 | Identified the +1 faerie dragon scales {rN+ Slay+3} (You took it off the Enchantress on level 2 of the Depths)
 52765 | Depths:2 | Noticed a caustic shrike
 52781 | Depths:2 | Killed a caustic shrike
 52781 | Depths:2 | Reached skill level 18 in Fighting
 53079 | Depths:2 | Killed a juggernaut
 53079 | Depths:2 | Received a gift from Okawaru
 53090 | Depths:2 | Got a jewelled hat {god gift}
 53101 | Depths:2 | Identified the +0 hat of Fallacy {Int+4} (Okawaru gifted it to you on level 2 of the Depths)
 53273 | Depths:2 | Found Imexe's Book Shoppe.
 53274 | Depths:2 | Found Vepov's Distillery.
 53292 | Depths:2 | Bought a potion of heal wounds for 90 gold pieces
 53292 | Depths:2 | Bought a potion of heal wounds for 90 gold pieces
 53623 | Depths:3 | Reached skill level 19 in Fighting
 53924 | Depths:3 | Found a gateway to a ziggurat.
 53996 | Depths:3 | Found a one-way gate leading to the halls of Pandemonium.
 54234 | Depths:3 | Gained mutation: Your magical and physical power is slightly enhanced at high health. [demonic ancestry]
 54234 | Depths:3 | Reached XP level 24. HP: 143/202 MP: 31/31
 54340 | Depths:3 | Noticed an ancient lich
 54380 | Depths:3 | Killed an ancient lich
 54389 | Depths:3 | Received a gift from Okawaru
 54408 | Depths:3 | Reached skill level 20 in Fighting
 54929 | Depths:3 | Received a gift from Okawaru
 55244 | Depths:3 | Noticed a juggernaut
 55249 | Depths:3 | Killed a juggernaut
 55249 | Depths:3 | Reached skill level 21 in Fighting
 55518 | Depths:2 | Bought a potion of haste for 180 gold pieces
 55622 | Depths:4 | Noticed Mennas
 55900 | Crypt:1  | Entered Level 1 of the Crypt
 56417 | Crypt:1  | Noticed Xtahua
 56430 | Crypt:1  | Killed Xtahua
 56430 | Crypt:1  | Received a gift from Okawaru
 57565 | Crypt:2  | Received a gift from Okawaru
 57569 | Crypt:2  | Reached skill level 22 in Fighting
 57764 | Crypt:2  | Gained mutation: Your magical and physical power is enhanced at high health. [demonic ancestry]
 57764 | Crypt:2  | Reached XP level 25. HP: 213/217 MP: 31/31
 57815 | Crypt:2  | Identified the Volume of Dark Secrets
 58117 | Crypt:3  | Entered Level 3 of the Crypt
 58569 | Crypt:3  | Found a staircase to the Tomb.
 58600 | Crypt:3  | Noticed an ancient lich
 58940 | Crypt:3  | Killed an ancient lich
 58940 | Crypt:3  | Reached skill level 23 in Fighting
 59464 | Slime:1  | Entered Level 1 of the Pits of Slime
 59482 | Slime:2  | Received a gift from Okawaru
 59605 | Slime:2  | Gained mutation: You expend magic power (3 MP) to strengthen your wands. [a shining eye]
 59814 | Slime:1  | Gained mutation: You occasionally shout uncontrollably at your foes. [a shining eye]
 59995 | Slime:1  | Gained mutation: You are occasionally teleported next to monsters. [a shining eye]
 59998 | Slime:1  | Gained mutation: You are frail. (-10% HP) [a shining eye]
 60000 | Slime:1  | Gained mutation: You are clumsy. (Dex -2) [a shining eye]
 60013 | Slime:1  | Lost mutation: You are occasionally teleported next to monsters. [potion of cure mutation]
 60013 | Slime:1  | Lost mutation: You are frail. (-10% HP) [potion of cure mutation]
 60013 | Slime:1  | Lost mutation: You expend magic power (3 MP) to strengthen your wands. [potion of cure mutation]
 60013 | Slime:1  | Lost mutation: You are clumsy. (Dex -2) [potion of cure mutation]
 60013 | Slime:1  | Lost mutation: Your system is resistant to poisons. (rPois) [potion of cure mutation]
 60013 | Slime:1  | Lost mutation: You occasionally shout uncontrollably at your foes. [potion of cure mutation]
 60165 | Slime:3  | Gained mutation: You occasionally shout uncontrollably at your foes. [a shining eye]
 60168 | Slime:3  | Gained mutation: Your mind is acute. (Int +2) [a shining eye]
 60169 | Slime:3  | Gained mutation: Armour fits poorly on your strangely shaped body. [a shining eye]
 60171 | Slime:3  | Gained mutation: You are frail. (-10% HP) [a shining eye]
 60174 | Slime:3  | Gained mutation: Your spells are a little easier to cast, but a little less powerful. [a shining eye]
 60420 | Slime:2  | Lost mutation: Your mind is acute. (Int +2) [the power of Zot]
 60428 | Slime:2  | Gained mutation: Your magical capacity is low. (-10% MP) [a shining eye]
 60537 | Slime:3  | Gained mutation: You expend magic power (3 MP) to strengthen your wands. [a shining eye]
 60539 | Slime:3  | Received a gift from Okawaru
 60667 | Slime:4  | Gained mutation: You evolve. [a shining eye]
 60669 | Slime:4  | Gained mutation: You tend to lose your temper in combat. [a shining eye]
 60672 | Slime:4  | Gained mutation: Scrolls take you a little longer to read. [a shining eye]
 60674 | Slime:4  | Gained mutation: You sometimes yell uncontrollably at your foes. [a shining eye]
 60678 | Slime:4  | Gained mutation: Scrolls take you longer to read. [a shining eye]
 60680 | Slime:4  | Gained mutation: Scrolls take you much longer to read. [a shining eye]
 60683 | Slime:4  | Gained mutation: You frequently scream uncontrollably at your foes. [a shining eye]
 60745 | Slime:4  | Gained mutation: Your body sometimes deteriorates upon taking damage. [a shining eye]
 60997 | Slime:2  | Lost mutation: You tend to lose your temper in combat. [evolution]
 61041 | Slime:4  | Noticed Dissolution
 61056 | Slime:4  | Gained mutation: You are occasionally teleported next to monsters. [a shining eye]
 61063 | Slime:4  | Killed Dissolution
 61063 | Slime:4  | Reached skill level 24 in Fighting
 61255 | Slime:4  | Lost mutation: You are occasionally teleported next to monsters. [potion of cure mutation]
 61255 | Slime:4  | Lost mutation: You frequently scream uncontrollably at your foes. [potion of cure mutation]
 61255 | Slime:4  | Lost mutation: Scrolls take you much longer to read. [potion of cure mutation]
 61255 | Slime:4  | Lost mutation: Your magical capacity is low. (-10% MP) [potion of cure mutation]
 61255 | Slime:4  | Lost mutation: You expend magic power (3 MP) to strengthen your wands. [potion of cure mutation]
 61255 | Slime:4  | Lost mutation: Armour fits poorly on your strangely shaped body. [potion of cure mutation]
 61255 | Slime:4  | Lost mutation: You evolve. [potion of cure mutation]
 61259 | Slime:5  | Entered Level 5 of the Pits of Slime
 61280 | Slime:5  | Received a gift from Okawaru
 61450 | Slime:5  | Noticed the Royal Jelly
 61697 | Slime:5  | Killed the Royal Jelly
 61697 | Slime:5  | Gained mutation: Your magical and physical power is greatly enhanced at high health. [demonic ancestry]
 61697 | Slime:5  | Reached XP level 26. HP: 175/209 MP: 24/31
 61775 | Slime:5  | Got a bloodstained battleaxe
 61801 | Slime:5  | Got a slimy rune of Zot
 61831 | Slime:5  | Got a translucent pewter amulet
 61837 | Slime:5  | Got a faintly glowing steel ring
 61859 | Slime:5  | Identified the cursed +1 battleaxe "Banen" {pain, *Rage Str+6 Int+6} (You found it on level 5 of the Pits of Slime)
 61870 | Slime:5  | Got a wavering bone ring
 61877 | Slime:5  | Identified the amulet "Laigou Pyral" {Gourm rC+ Dex+3} (You found it on level 5 of the Pits of Slime)
 61879 | Slime:5  | Identified the ring of Uskayaw's Condemnation {rPois rN++ MR+ SInv} (You found it on level 5 of the Pits of Slime)
 61881 | Slime:5  | Identified the ring of Jysesm {*Tele +Blink Dex+5} (You found it on level 5 of the Pits of Slime)
 62044 | Slime:5  | Lost mutation: You sometimes yell uncontrollably at your foes. [potion of cure mutation]
 62044 | Slime:5  | Lost mutation: Your spells are a little easier to cast, but a little less powerful. [potion of cure mutation]
 62044 | Slime:5  | Lost mutation: Scrolls take you longer to read. [potion of cure mutation]
 62044 | Slime:5  | Lost mutation: Your body sometimes deteriorates upon taking damage. [potion of cure mutation]
 62044 | Slime:5  | Lost mutation: You are frail. (-10% HP) [potion of cure mutation]
 62045 | Slime:5  | Lost mutation: Scrolls take you a little longer to read. [potion of cure mutation]
 62045 | Slime:5  | Lost mutation: You occasionally shout uncontrollably at your foes. [potion of cure mutation]
 62047 | Slime:5  | Gained mutation: Your spells are a little harder to cast, but a little more powerful. [potion of beneficial mutation]
 62494 | Depths:4 | Received a gift from Okawaru
 62631 | Depths:4 | Got a dazzling broad axe {god gift}
 62632 | Depths:4 | Identified the +4 broad axe "Xeiluziz" {freeze, *Drain +Fly rN+ Int+2} (Okawaru gifted it to you on level 4 of the Depths)
 62897 | Depths:4 | Reached skill level 25 in Fighting
 63174 | Depths:4 | Received a gift from Okawaru
 63367 | Depths:4 | Noticed an ancient lich
 63382 | Depths:4 | Killed an ancient lich
 63736 | Depths:4 | Killed Mennas
 63760 | Depths:4 | Reached skill level 26 in Fighting
 64032 | Depths:4 | Received a gift from Okawaru
 64137 | Depths:4 | Got a transparent helmet
 64148 | Depths:4 | Identified the cursed +0 helmet of Enavyst {rElec Dex+2} (You found it on level 4 of the Depths)
 64424 | Depths:5 | Entered Level 5 of the Depths
 64511 | Depths:5 | Noticed Saint Roka
 64520 | Depths:5 | Killed Saint Roka
 64529 | Depths:5 | Noticed Boris
 64552 | Depths:5 | Killed Boris
 64639 | Depths:5 | Reached XP level 27. HP: 195/246 MP: 31/31
 64688 | Depths:5 | Gained mutation: You are clumsy. (Dex -2) [a cacodemon]
 64752 | Depths:5 | Noticed Jory
 64758 | Depths:5 | Killed Jory
 64772 | Depths:5 | Received a gift from Okawaru
 65053 | Depths:5 | Found a gate to the Realm of Zot.
 65063 | Depths:5 | Reached skill level 27 in Fighting
 65399 | Hell     | Entered the Vestibule of Hell
 65399 | Hell     | Noticed Geryon
 65411 | Hell     | Killed Geryon
 65504 | Hell     | Reached skill level 5 in Evocations
 65511 | Hell     | Received a gift from Okawaru
 65567 | Hell     | Found a gateway to the Iron City of Dis.
 65663 | Hell     | Found a gateway to the decaying netherworld of Tartarus.
 65765 | Hell     | Received a gift from Okawaru
 65831 | Hell     | Found a gateway to the ashen valley of Gehenna.
 65924 | Hell     | Found a gateway to the freezing wastes of Cocytus.
 66023 | Zot:1    | Entered Level 1 of the Realm of Zot
 66049 | Zot:1    | HP: 6/249 [green draconian/dire flail (10)]
 66050 | Zot:1    | Slain by a mottled draconian

Vault maps used:
D:1:      tarquinn_simple_flora_water_f, solitary_fountain
D:2:      nicolae_overflow_crystal_walls, uniq_iyjb, uniq_crazy_yiuf_cottage,
          uniq_natasha, uniq_sigmund
D:3:      nicolae_dithmenos_shadow_blocks, nicolae_ru_awakened_eye,
          uniq_jessica, uniq_terence
D:4:      grunt_qazlal_sundering
D:5:      lemuel_round_altar, first_bread, enter_ossuary_4, serial_shops,
          nicolae_shop_competitors_out_of_business, uniq_pikel
D:6:      ashenzari_conservatory_becter, minmay_misc_feat_more_columns
D:7:      lemuel_blue_sif_altar, lemuel_round_altar, serial_shops,
          shop_fountains, shop, shop, shop, kennysheep_mini_moat, basic_altar,
          grunt_ogre_cave
D:8:      grunt_temple_overflow_lords_of_destruction, overflow_temple_1_default,
          nicolae_overflow_hidden_temple, serial_shops, shop
D:9:      fedhas_bush_and_centaur_altar
D:10:     lair_0_dummy, serial_shops, shop,
          nicolae_shop_temple_entry_statues_fountains, shop_statue, shop,
          minmay_nine_imps
D:11:     david_orc_1_choice, lab_entry_generic, special_room, serial_shops,
          kennysheep_mini, minmay_misc_feat_hallway, hangedman_incinerator,
          uniq_josephine
D:12:     roderic_malta_cross, minivault_29
D:13:     grunt_decor_fettered, jiyva_altar_1
D:14:     david_vaults_4, nicolae_trove_entry_free_sample, kennysheep_boxes,
          special_room, nrook_mini_backslash
D:15:     grunt_enter_depths_magical_seal, guppyfry_shop_earth
Lair:2:   elwin_shoals_entry_stream, grunt_megastairs_5,
          infiniplex_staircase_pool_2, lemuel_fruit_fields
Lair:4:   spider_nest_entry_web_field
Lair:5:   slime_altar_1, wad_woods_river_01, serial_bayou_shore_a,
          lemuel_fruit_tree
Lair:6:   evilmike_catoblepas_cave, uniq_nessos
Shoals:3: nicolae_shoals_undead_eyrie
Shoals:4: shoals_end_grunt_ice, shoal_ilsuiw, uniq_mara
Spider:2: nicolae_spider_cling_ruins
Spider:3: uniq_azrael
Spider:4: spider_rune_water, spider_trap, nicolae_orb_island
Slime:1:  cheibrodos_slime_lost_civilization_6
Slime:4:  uniq_dissolution
Orc:1:    uniq_fannar
Orc:2:    st_orc_rangers, serial_shops, shop, okawaru_metal_pillars_1_2,
          uniq_sonja
Elf:1:    eino_elf_arrival_customs, portal_ice_cave_entry_frozen_things,
          serial_shops, shop, minmay_elf_annihilation, st_stairs_6, uniq_louise
Elf:2:    grunt_ministairs_14
Elf:3:    minmay_elf_hall_spiked, infiniplex_enter_wizlab_water, serial_shops,
          shop, minmay_elf_necromancy
Vaults:1: nicolae_vaults_triangles, vaults_room_grunt_arrival_ludios, v_misc_24,
          vaults_mumra_chevron, v_misc_8, vaults_dpeg_encased_lava,
          nicolae_vaults_alarming, ontoclasm_vaults_chip, vaults_dpeg_ring,
          serial_shops, shop
Vaults:2: hangedman_vaults_unwind, nicolae_vaults_ring_of_whatevers,
          vaults_room_pool, nicolae_vaults_little_squares_1, v_misc_8,
          grunt_vaults_swirl, vaults_mumra_chevron_long, v_alt_pattern_3,
          v_misc_19, ontoclasm_vaults_gateway, v_misc_29, vaults_room_fours,
          vaults_mumra_hexcomb, nicolae_vaults_little_squares_4,
          grunt_vaults_hallway_long
Vaults:3: ontoclasm_vaults_ring_large, hangedman_vaults_pinch, v_pattern_4,
          ontoclasm_vaults_loading_screen, hangedman_vaults_stream,
          vaults_room_door_hall, v_misc_23, ontoclasm_vaults_ring_small,
          dpeg_vaults_monster_box, minmay_crypt_entry_nasty_monster,
          nicolae_vaults_little_squares_5, nicolae_vaults_theta,
          nicolae_vaults_little_squares_4, hangedman_vaults_stagger
Vaults:4: v_misc_31, v_misc_33, st_octagons_2, nicolae_vaults_what_the_h,
          vaults_room_corners, nicolae_vaults_ring_of_whatevers, v_misc_33,
          hangedman_vaults_cutoff, v_misc_23, nicolae_vaults_little_squares_1,
          serial_shops, shop
Crypt:1:  grunt_crypt_arrival_split, uniq_xtahua
Crypt:2:  special_room
Crypt:3:  david_glass_crypt
Depths:1: hangedman_abyss_entry_splay, hell_entry, abandoned_shop,
          minmay_misc_feat_ornament, serial_sigils_hangedman_leer,
          kennysheep_potato, minmay_shop_grove
Depths:2: nicolae_legendary_halls, hell_entry, guppyfry_shop_venom,
          minmay_shoptagon, infiniplex_staircase_pool_1, uniq_enchantress
Depths:3: hangedman_box_tower, enter_ziggurat_e, minmay_stone_trees_small,
          pan_entry, hell_entry
Depths:4: hangedman_pleasuredromes, hell_entry, serial_shops, abyss_entry,
          uniq_mennas
Depths:5: grunt_twist_and_shout, rand_demon_pan_entry_7, hell_entry, uniq_boris,
          uniq_saint_roka, uniq_jory
Zot:1:    hangedman_zot_vaults_quadrants, st_small_dragon_hoard_4,
          hangedman_zot_decor_tridents
Lab:      nicolae_lab_grate, nicolae_lab_quarters, nicolae_lab_very_dead_end,
          nicolae_lab_garden, nicolae_lab_lava, labyrinth_skeletal_remains,
          nicolae_lab_big_swirl
Ossuary:  minmay_ossuary_two_tombs
IceCv:    ice_cave_statue_garden_chambered
WizLab:   wizlab_iskenderun

Skill      XL: |  1  2  3  4  5  6  7  8  9 10 11 12 13 14 15 16 17 18 19 20 21 22 23 24 25 26 27 |
---------------+----------------------------------------------------------------------------------+-----
Axes           | 3 4 5 6 9 10 12 13 14 16 17 18 19 21 22 24 25 26 | 26.5
Armour         | 1 2 3 4 5 7 8 10 11 12 13 14 15 16 17 18 19 20 | 20.0
Fighting       | 5 6 8 10 12 13 15 16 17 19 22 24 26 27 | 27.0
Throwing       | 2 |  2.5
Invocations    | 4 6 8 9 11 | 11.2
Dodging        | 3 4 5 6 7 8 9 |  9.7
Evocations     | 3 6 |  6.7

Action                   |  1- 3 |  4- 6 |  7- 9 | 10-12 | 13-15 | 16-18 | 19-21 | 22-24 | 25-27 || total
-------------------------+-------+-------+-------+-------+-------+-------+-------+-------+-------++-------
Melee: War axe           |    79 |   214 |   402 |   626 |  1571 |  1469 |       |       |       ||  4361
       Punch             |       |       |       |     3 |     7 |     1 |       |       |       ||    11
       Executioner's axe |       |       |       |       |       |   377 |  1498 |  1462 |  1096 ||  4433
Throw: Throwing net      |       |     2 |     1 |     1 |     3 |       |     4 |       |       ||    11
Invok: Heroism           |       |       |       |     3 |     6 |     6 |     4 |     2 |     4 ||    25
       Finesse           |       |       |       |       |     5 |     6 |     2 |     7 |     6 ||    26
Evoke: Wand              |       |       |       |     8 |    12 |    42 |    11 |     7 |    10 ||    90
       Rod               |       |       |       |       |     3 |       |       |       |       ||     3
       Horn of Geryon    |       |       |       |       |       |       |       |       |     1 ||     1
  Use: Potion            |     2 |     1 |     5 |     5 |    12 |    15 |     1 |     2 |    10 ||    53
       Scroll            |       |    13 |     7 |    13 |    13 |    32 |    21 |    11 |    18 ||   128
 Stab: Sleeping          |       |     2 |       |       |       |       |       |       |       ||     2
       Held in net/web   |       |     2 |       |       |       |       |     1 |       |       ||     3
       Invisible         |       |       |       |     3 |       |       |       |       |       ||     3
       Distracted        |       |       |       |       |       |       |     3 |     2 |     1 ||     6
  Eat: Chunk             |       |    13 |    19 |    23 |    31 |    23 |    24 |    26 |    13 ||   172
       Pizza             |       |       |     1 |       |       |       |       |     2 |     2 ||     5
       Royal jelly       |       |       |       |     1 |       |       |     1 |       |       ||     2
       Bread ration      |       |       |       |       |     1 |     1 |     1 |       |     1 ||     4
       Fruit             |       |       |       |       |       |     1 |     2 |     7 |     4 ||    14
       Meat ration       |       |       |       |       |       |     3 |       |       |     1 ||     4
Armor: Leather armour    |     8 |    68 |   122 |   176 |    36 |       |       |       |       ||   410
       Skin              |     8 |       |       |       |       |       |       |       |       ||     8
       Chain mail        |       |       |       |       |   714 |  1307 |   823 |       |       ||  2844
       Plate armour      |       |       |       |       |       |       |    41 |   894 |   697 ||  1632
Dodge: Dodged            |    42 |   162 |   216 |   254 |   584 |   961 |   676 |   572 |   509 ||  3976
